 Dungeon Crawl Stone Soup version 0.30.0-29-ga12c61a403 (webtiles) character file.

Game seed: 17785475852590924898

14415 MacCMillion the Fighter (level 12, -6/80 HPs)
             Began as a Tengu Summoner on June 4, 2023.
             Was an Initiate of Gozag.
             Mangled by a wyvern (17 damage)
             ... on level 1 of the Lair of Beasts.
             The game lasted 00:54:57 (11300 turns).

MacCMillion the Fighter (Tengu Summoner)           Turns: 11300, Time: 00:54:58

Health: -6/80      AC:  4    Str: 12    XL:     12   Next: 16%
Magic:  16/17      EV: 22    Int: 30    God:    Gozag
Gold:   1737       SH:  0    Dex: 20    Spells: 7/17 levels left

rFire   . . .        U - +9 quick blade "Zeoj" {pain, *Noise Str+3 Dex+3}
rCold   . . .        (no shield)
rNeg    . . .        e - +0 leather armour
rPois   .            (helmet restricted)
rElec   .            g - +0 cloak
rCorr   .            (no gloves)
SInv    .            (boots unavailable)
Will    .....        u - amulet of magic regeneration
Stlth   +++          r - +6 ring of intelligence
HPRegen 0.33/turn    t - +6 ring of intelligence
MPRegen 0.55/turn

%: no passive effects
@: gold aura, flying quickly and evasively, quick
A: beak, talons 3, nimble flight
a: Renounce Religion, Potion Petition, Call Merchant, Bribe Branch


You were on level 1 of the Lair of Beasts.
You worshipped Gozag.
Gozag was most pleased with you.
You visited 3 branches of the dungeon, and saw 12 of its levels.
You also visited: Ossuary and Bailey.

You collected 1910 gold pieces.
You paid 173 gold pieces to Gozag.

Inventory:

Hand Weapons
 A - a +1 dagger of venom
 D - a +4 vampiric dagger
 L - a +3 dagger
 U - the +9 quick blade "Zeoj" (weapon) {pain, *Noise Str+3 Dex+3}
   (You acquired it on level 1 of the Lair of Beasts)

   Str:       It affects your strength (+3).
   Dex:       It affects your dexterity (+3).
   *Noise:    It may make noises in combat.
 W - a +4 broad axe
Missiles
 E - 4 throwing nets
Armour
 a - a +0 robe
 e - a +0 leather armour (worn)
 g - a +0 cloak (worn)
Jewellery
 r - a +6 ring of intelligence (left hand)
 t - a +6 ring of intelligence (right hand)
 u - an amulet of magic regeneration (around neck)
 C - a ring of willpower
 K - a +6 ring of dexterity
 M - a +6 ring of strength
 P - an amulet of guardian spirit
 T - the ring "Keen Lepn" {rN+ Dex+3}
   (You found it in a bailey)

   [ring of positive energy]

   Dex:       It affects your dexterity (+3).
   rN:        It protects you from negative energy.
 V - the ring of Tempeit {rF+ rCorr Dex+5}
   (You found it in a bailey)

   [ring of resist corrosion]

   Dex:       It affects your dexterity (+5).
   rF:        It protects you from fire.
   rCorr:     It protects you from acid and corrosion.
 X - a +5 ring of evasion
Wands
 n - a wand of paralysis (23)
 s - a wand of polymorph (8)
 I - a wand of flame (29)
 N - a wand of roots (14)
Scrolls
 d - a scroll of fear {unknown}
 i - 3 scrolls of magic mapping
 j - 2 scrolls of noise
 k - 3 scrolls of summoning
 m - 4 scrolls of fog
 o - 2 scrolls of amnesia {unknown}
 v - 2 scrolls of poison {unknown}
 y - 4 scrolls of teleportation {unknown}
 B - 4 scrolls of blinking {unknown}
 G - a scroll of enchant armour {unknown}
 O - 2 scrolls of identify
 Q - a scroll of brand weapon {unknown}
 R - a scroll of vulnerability {unknown}
Potions
 b - 2 potions of magic
 c - 2 potions of ambrosia {unknown}
 f - 8 potions of curing {unknown}
 h - 3 potions of lignification
 l - a potion of attraction {unknown}
 p - 3 potions of heal wounds
 q - 4 potions of haste
 w - a potion of degeneration {unknown}
 x - 3 potions of mutation
 z - 4 potions of flight
 F - a potion of might {unknown}
 H - a potion of brilliance {unknown}
 J - a potion of berserk rage
 S - 2 potions of invisibility {unknown}


   Skills:
 + Level 11.3 Fighting
 + Level 7.3 Short Blades
 + Level 9.9 Dodging
 - Level 6.0 Stealth
 - Level 3.0 Spellcasting
 - Level 11.0 Summonings
 - Level 7.0 Air Magic


You had 7 spell levels left.
You knew the following spells:

 Your Spells              Type           Power      Damage    Failure   Level
a - Summon Small Mammal   Summ           100%       N/A       1%          1
b - Call Imp              Summ           100%       N/A       1%          2
c - Call Canine Familiar  Summ           63%        N/A       1%          3
d - Summon Lightning Spi  Summ/Air       55%        N/A       2%          4

Your spell library contained the following spells:

 Spells                   Type           Power      Damage    Failure   Level
 Swiftness                Air            46%        N/A       1%          3
 Summon Guardian Golem    Hex/Summ       37%        N/A       2%          3
 Sandblast                Erth           8%         2d5       9%          1
 Blink                    Tloc           8%         N/A       14%         2
 Ensorcelled Hibernation  Hex/Ice        8%         N/A       14%         2
 Lesser Beckoning         Tloc           8%         N/A       14%         2
 Momentum Strike          Conj/Tloc      8%         3d8       14%         2
 Passwall                 Tmut/Erth      3%         N/A       14%         2
 Gell's Gravitas          Tloc           4%         N/A       26%         3
 Stone Arrow              Conj/Erth      8%         3d7       26%         3
 Teleport Other           Tloc           4%         N/A       26%         3
 Volatile Blastmotes      Fire/Tloc      8%         2d10      26%         3
 Summon Forest            Summ/Tloc      18%        N/A       26%         5
 Summon Hydra             Summ           31%        N/A       63%         7
 Fulminant Prism          Conj/Hex       2%         3d5       65%         4
 Iskenderun's Mystic Bla  Conj/Tloc      4%         2d3       65%         4
 Lee's Rapid Deconstruct  Erth           2%         3d4*      94%         5
 Dispersal                Tloc           2%         N/A       100%        6
 Eringya's Noxious Bog    Tmut/Pois      2%         N/A       100%        6


Dungeon Overview and Level Annotations

Branches:
Dungeon (10/15)            Temple (1/1) D:7            Lair (1/5) D:10
Ossuary (visited)          Bailey (visited)
    Orc: D:9-12

Altars:
Ashenzari
Cheibriados
Dithmenos
Elyvilon
Fedhas
Gozag
Hepliaklqana
Kikubaaqudgha
Makhleb
Nemelex Xobeh
Okawaru
Qazlal
Ru
Sif Muna
Trog
Uskayaw
Vehumet
Wu Jian
Xom
Yredelemnul
Zin
The Shining One

Shops:
D:3 *   D:10 =

Annotations:
D:9 2 transporters, MacCMillion's ghost, journeyman FoFi


Innate Abilities, Weirdness & Mutations

You have a beak for a mouth.
You have claws for feet.
Your magical nature lets you fly swiftly and evasively.


Message History

The yak gores your lightning spire.
A hell rat comes into view.
The yak gores your lightning spire.
Your wolf barely misses the yak.
A hell rat comes into view.
Your wolf bites the yak but does no damage.
The yak gores your wolf!
You puncture the wolf! Your kick misses the wolf. Your punch misses the wolf.
The wolf is moderately wounded.
Your wolf bites the yak.
The wolf barely misses you.
You puncture the wolf! You claw the wolf, but do no damage.
Your peck misses the wolf.
The wolf is severely wounded.
Your wolf bites the yak!
You hit the wolf.
The wolf is almost dead.
The wolf barely misses you. The wolf closely misses you.
A hell rat comes into view.
The yak barely misses your wolf. The yak gores your wolf!
Your wolf dies!
Your wolf's corpse disappears in a puff of smoke!
Unknown command.
Okay, then.
As you read the scroll of summoning, it crumbles to dust.
Wisps of shadow whirl around you... The wolf barely misses you.
The wolf bites you but does no damage. The yak gores your wolf.
The yak barely misses your wolf. The wolf misses you.
The wolf closely misses you. The wyvern misses you.
The hell rat barely misses your wyvern.
Your wolf bites the hell rat.
Your wolf bites the wolf.
The hell rat bites your wyvern! The wolf closely misses you.
The wolf bites you!
* * * LOW HITPOINT WARNING * * *
Your wolf bites the yak but does no damage.
Your wolf closely misses the hell rat.
Your wyvern bites the hell rat!
Your blink frog hits the wyvern!
Your blink frog blinks!
The hell rat closely misses your wolf. The yak barely misses your wolf.
The wyvern bites you!
You die...
Your body crumbles into a pile of gold.

.. ##..####............##....##
#..##.....##...#........##...#.#
#...#...#.h###......#.........#
#.#.......#.###r...##.........#
#...#.⌠.$.#.#..rh#.##.#P......#
#.....$$#Y#.Y.hr##........|.P..
#..#.#..Y..#.Yhlr######..#.....#
} ##.....##.#8hh# ###P........
##.#+#$Y..h@.# #.........P.
#.....####.lF# #..........#
#.....### ##..F##..........#
#$.... #.#..###.#...#... #....
..#.§.#..#....### #.... ..#.....
##..# # ...# ..# ..... #..# #
..# .#.# ....# #..# # ...


You could see 3 yaks, a wyvern (ally target), 2 wolves, 4 hell rats, 2 friendly
blink frogs, a friendly wyvern (summoned), 5 friendly wolves and a friendly
lightning spire (summoned).

Vanquished Creatures
  Josephine (D:10)
  A catoblepas (Lair:1)
  A two-headed ogre (D:8)
  A wraith (D:10)
  A wyvern (D:9)
  A basilisk (D:10)
  2 yaks (Lair:1)
  An orc warrior (D:10)
  A black bear (D:7)
  3 sky beasts
  An ogre (D:5)
  3 wolves (Lair:1)
  2 centaurs (D:8)
  A kobold brigand (D:10)
  3 bullfrogs
  A killer bee (D:9)
  4 howler monkeys
  A gnoll bouda (D:5)
  A hound (D:5)
  2 orc wizards (D:5)
  An iguana (D:4)
  2 gnolls (D:5)
  An adder (D:2)
  2 adder zombies (Ossuary)
  2 dart slugs (D:1)
  6 orcs
  3 endoplasms
  A goblin (D:3)
  3 hobgoblins
  4 jackals (D:5)
  2 quokkas
  A ball python (D:4)
  3 bats
  A frilled lizard (D:2)
  9 kobolds
  A rat (D:1)
74 creatures vanquished.

Vanquished Creatures (collateral kills)
  An orc warlord (Bailey)
  A two-headed ogre (D:9)
  Sonja (D:10)
  Pikel (D:6)
  An elephant (D:10)
  A black mamba (Lair:1)
  A cane toad (Lair:1)
  A kobold demonologist (D:10)
  A komodo dragon (Lair:1)
  4 wraiths (D:10)
  A vampire (D:6)
  A wyvern (D:10)
  2 yaks (Lair:1)
  Eustachio (D:4)
  4 steam dragons
  An acid dragon (D:9)
  2 water moccasins
  4 orc warriors
  2 black bears
  2 sky beasts (D:9)
  2 ogres
  4 wolves (Lair:1)
  4 lemures (D:6)
  3 kobold brigands
  An elf zombie (Ossuary)
  3 bullfrogs
  4 scorpions
  5 wights (D:6)
  15 killer bees (D:9)
  4 howler monkeys
  6 hounds
  2 human zombies (Ossuary)
  6 orc priests
  A gnoll bouda (D:9)
  An iguana (D:4)
  9 orc wizards
  Terence (D:2)
  A hound zombie (Ossuary)
  4 mummies (Ossuary)
  30 gnolls
  7 adders
  2 white imps (D:7)
  An ufetubus (D:5)
  2 adder zombies (Ossuary)
  A dart slug (D:1)
  42 orcs
  7 endoplasms
  A giant cockroach (D:1)
  12 goblins
  8 hobgoblins
  9 jackals (D:5)
  A quokka (D:1)
  4 ball pythons
  4 bats
  2 frilled lizards
  2 goblin zombies (Ossuary)
  A hobgoblin zombie (Ossuary)
  21 kobolds
  A kobold zombie (Ossuary)
  3 rats
270 creatures vanquished.

Grand Total: 344 creatures vanquished

Notes
Turn   | Place    | Note
-------+----------+-------------------------------------------
     0 | D:1      | MacCMillion the Tengu Summoner began the quest for the Orb.
     0 | D:1      | Reached XP level 1. HP: 10/10 MP: 4/4
    99 | D:1      | Reached skill level 5 in Summonings
   115 | D:1      | Reached XP level 2. HP: 15/15 MP: 6/6
   175 | D:1      | Learned a level 2 spell: Call Imp
   488 | D:1      | Reached XP level 3. HP: 19/19 MP: 2/7
   582 | D:1      | Found a faded altar of an unknown god.
   776 | D:1      | Learned a level 3 spell: Call Canine Familiar
  1365 | D:2      | Reached XP level 4. HP: 16/24 MP: 7/9
  1613 | D:2      | Noticed Terence
  1630 | D:2      | Killed Terence
  1927 | D:3      | Reached skill level 1 in Fighting
  1927 | D:3      | Reached skill level 1 in Short Blades
  1931 | D:3      | Gained mutation: Your magical nature lets you fly swiftly
                  | and evasively. [Tengu growth]
  1931 | D:3      | Reached XP level 5. HP: 8/29 MP: 1/10
  2346 | D:3      | Found Jyez's Assorted Antiques.
  2902 | D:4      | Found a sand-covered staircase.
  2907 | Ossuary  | Entered an ossuary
  2929 | Ossuary  | Reached XP level 6. HP: 20/35 MP: 4/11
  3177 | D:4      | Learned a level 4 spell: Summon Lightning Spire
  3213 | D:4      | Reached skill level 1 in Air Magic
  3213 | D:4      | Reached XP level 7. HP: 41/41 MP: 9/12
  3555 | D:4      | Noticed Eustachio
  3571 | D:4      | Killed Eustachio
  3907 | D:4      | Reached XP level 8. HP: 48/48 MP: 13/13
  4257 | D:5      | Entered Level 5 of the Dungeon
  4487 | D:5      | Found a shadowy altar of Dithmenos.
  4623 | D:5      | Reached skill level 5 in Air Magic
  5335 | D:5      | Reached skill level 5 in Fighting
  5335 | D:5      | Reached skill level 5 in Dodging
  5394 | D:5      | Reached XP level 9. HP: 54/54 MP: 14/14
  6225 | D:6      | Noticed Pikel
  6237 | D:6      | Killed Pikel
  6478 | D:7      | Reached XP level 10. HP: 64/64 MP: 15/15
  6645 | D:7      | Identified the +7 chain mail "Vuotykea" {+Blink Slay+3}
  6758 | D:7      | Found a staircase to the Ecumenical Temple.
  6937 | Temple   | Entered the Ecumenical Temple
  6991 | Temple   | Became a worshipper of Gozag Ym Sagoz the Greedy
  7644 | D:8      | Found a stormy altar of Qazlal.
  7644 | D:8      | Found an ancient bone altar of Kikubaaqudgha.
  7652 | D:8      | Found a faded altar of an unknown god.
  7654 | D:8      | Found a glowing golden altar of the Shining One.
  7656 | D:8      | Found a burning altar of Makhleb.
  7735 | D:8      | Found a radiant altar of Vehumet.
  7892 | D:8      | Noticed a two-headed ogre
  7911 | D:8      | Killed a two-headed ogre
  7912 | D:8      | Reached skill level 5 in Stealth
  8440 | D:9      | Found a transporter.
  8441 | D:9      | Found a transporter.
  8441 | D:9      | Noticed MacCMillion's ghost (journeyman FoFi)
  8444 | D:9      | Noticed a boulder beetle
  8465 | D:9      | Noticed a two-headed ogre
  8474 | D:9      | Killed a two-headed ogre
  8475 | D:9      | Reached skill level 10 in Fighting
  8617 | D:9      | Reached XP level 11. HP: 63/72 MP: 11/16
  9251 | D:10     | Entered Level 10 of the Dungeon
  9255 | D:10     | Noticed Sonja
  9267 | D:10     | Killed Sonja
  9268 | D:10     | Reached skill level 5 in Short Blades
  9364 | D:10     | Found a shimmering altar of Xom.
  9569 | D:10     | Found a staircase to the Lair.
  9589 | D:10     | Noticed Josephine
  9608 | D:10     | Reached skill level 10 in Summonings
  9637 | D:10     | Found a basalt altar of Yredelemnul.
  9642 | D:10     | Found a flagged portal.
  9655 | D:10     | Killed Josephine
  9770 | Bailey   | Entered a bailey
  9780 | Bailey   | Noticed an orc warlord
  9892 | Bailey   | Found a runed translucent gate.
  9895 | Bailey   | Found a runed translucent gate.
  9897 | Bailey   | Found a runed translucent gate.
 10143 | Bailey   | Killed an orc warlord
 10228 | Bailey   | Identified the ring "Keen Lepn" {rN+ Dex+3}
 10238 | Bailey   | Identified the ring of Tempeit {rF+ rCorr Dex+5}
 10316 | D:10     | Identified the +2 short sword "Fezets" {heavy, rElec rN+
                  | MP-9 Int+4}
 10374 | D:10     | Found Heyph's Jewellery Shop.
 10643 | D:10     | Found an iron altar of Okawaru.
 10644 | D:10     | Found a bloodstained altar of Trog.
 10763 | Lair:1   | Entered Level 1 of the Lair of Beasts
 10962 | Lair:1   | Acquired the +9 quick blade "Zeoj" {pain, *Noise Str+3
                  | Dex+3}
 10990 | Lair:1   | Reached XP level 12. HP: 54/80 MP: 13/17
 11239 | Lair:1   | Noticed a catoblepas
 11262 | Lair:1   | Killed a catoblepas
 11300 | Lair:1   | Mangled by a wyvern

Illustrated notes

Levels and vault maps discovered:
D:1:      dpeg_arrival_concentric_ovals, layout_rooms,
          shapermc_ecumenical_altar_totnotflames
D:2:      layout_basic, uniq_terence
D:3:      layout_loops_ring, serial_aquarium, aquarium_bridge_island_large
          [aquarium_subvault_large_water, aquarium_subvault_wall,
          aquarium_subvault_bridge, aquarium_subvault_window,
          aquarium_subvault_window], aquarium_window_fake, aquarium_window_fake,
          aquarium_window_1, aquarium_window_fake, aquarium_view_2d,
          aquarium_pool_2, serial_shops, nicolae_shop_rolling_square
D:4:      layout_basic, enter_ossuary_5, dk_noncrumbling_4,
          kennysheep_opposing_triangles, uniq_eustachio
D:5:      lemuel_castle_with_subvaults [lemuel_castle_interior_carwin_2],
          layout_loops_corners, nicolae_dithmenos_shadow_blocks,
          minmay_misc_feat_secret_circle, uniq_crazy_yiuf_cottage
D:6:      layout_basic, uniq_pikel
D:7:      layout_loops_ring, temple_statues
D:8:      layout_loops_ring, vehumet_crystals,
          chequers_temple_overflow_minitemple, chequers_serial_rivers_micro_e
D:9:      layout_long_grid, gammafunk_ghost_arena, hangedman_misty_isle
D:10:     layout_cave_pools, grunt_temple_overflow_bloody_war,
          yredelemnul_altar_generic, lemuel_tele_altar, david_lair_generic,
          enter_bailey_4, serial_shops, shop, uniq_josephine, uniq_sonja
Temple:   nicolae_temple_x_marks_the_god
Lair:1:   layout_misc_corridors, beast_lair_carwin_10, grunt_megastairs_1

Skill      XL: |  1  2  3  4  5  6  7  8  9 10 11 12 |
---------------+-------------------------------------+-----
Summonings     | 5 6 7 8 11 | 11.0
Fighting       | 1 2 3 5 8 10 11 | 11.3
Short Blades   | 1 2 3 4 6 7 |  7.3
Spellcasting   | 3 |  3.0
Air Magic      | 1 4 7 |  7.0
Dodging        | 3 5 8 9 |  9.9
Stealth        | 6 |  6.0

Action                     |  1- 3 |  4- 6 |  7- 9 | 10-12 || total
---------------------------+-------+-------+-------+-------++-------
  Melee: Dagger            |    31 |    33 |    73 |   130 ||   267
         Kick              |     8 |    10 |    24 |    62 ||   104
         Peck              |     2 |     7 |    13 |    39 ||    61
         Punch             |       |       |     1 |     1 ||     2
         Quick blade       |       |       |       |    30 ||    30
   Cast: Summon Small Mamm |    28 |     7 |     3 |     1 ||    39
         Call Imp          |    12 |    11 |    18 |    21 ||    62
         Call Canine Famil |       |    11 |    28 |    38 ||    77
         Summon Lightning  |       |       |     8 |    42 ||    50
    Use: Scroll            |       |       |       |    10 ||    10
   Stab: Distracted        |     1 |       |       |     8 ||     9
         Sleeping          |     1 |       |     3 |     5 ||     9
         Petrified         |       |       |       |     2 ||     2
 Armour: Leather armour    |    10 |    12 |    12 |    10 ||    44
         Robe              |     1 |       |       |       ||     1
  Dodge: Dodged            |    22 |    28 |    49 |   137 ||   236
